 Dungeon Crawl Stone Soup version 0.25-a0-479-g8579842fd4 (webtiles) character file.

Game seed: 8612860409877439651, levelgen mode: deterministic

2912 Notrik the Cleaver (level 9, -6/85 HPs)
             Began as a Hill Orc Fighter on Feb 9, 2020.
             Was an Initiate of Okawaru.
             Mangled by a yak (13 damage)
             ... on level 7 of the Dungeon.
             The game lasted 00:14:56 (7087 turns).

Notrik the Cleaver (Hill Orc Fighter)               Turns: 7087, Time: 00:14:56

Health: -6/85      AC: 11    Str: 24    XL:     9   Next: 78%
Magic:  9/9        EV:  7    Int:  8    God:    Okawaru [......]
Gold:   53         SH: 12    Dex: 13    Spells: 8/8 levels left

rFire    . . .     SeeInvis .   B - +4 war axe (elec)
rCold    . . .     Gourm    .   F - +0 shield
rNeg     . . .     Faith    .   y - +0 plate armour
rPois    +         Spirit   .   (no helmet)
rElec    .         Reflect  .   G - scarf {repulsion}
rCorr    .         Harm     .   (no gloves)
MR       +....                  (no boots)
Stlth    ..........             (no amulet)
HPRegen  0.24/turn              H - ring of Gocumih {MR+ EV+2 Str+2 Dex+3}
MPRegen  0.11/turn              D - ring of poison resistance

@: repel missiles
A: no striking features
a: Renounce Religion


You were on level 7 of the Dungeon.
You worshipped Okawaru.
Okawaru was noncommittal.
You were not hungry.

You visited 2 branches of the dungeon, and saw 8 of its levels.

You collected 450 gold pieces.
You spent 397 gold pieces at shops.

Inventory:

Hand Weapons
 a - a +0 war axe
 B - a +4 war axe of electrocution (weapon)
   (You took it off a wight on level 7 of the Dungeon)
 E - a +3 dagger of venom
   (You took it off an orc wizard on level 6 of the Dungeon)
Armour
 y - a +0 plate armour (worn)
   (You found it on level 5 of the Dungeon)
 F - a +0 shield (worn)
 G - a scarf of repulsion (worn)
   (You found it on level 6 of the Dungeon)
Jewellery
 i - an uncursed ring of protection from fire
   (You found it on level 5 of the Dungeon)
 m - an uncursed ring of stealth
   (You found it on level 2 of the Dungeon)
 n - a +3 ring of dexterity
   (You found it on level 2 of the Dungeon)
 A - an uncursed ring of resist corrosion
   (You found it on level 5 of the Dungeon)
 D - a ring of poison resistance (right hand)
   (You found it on level 5 of the Dungeon)
 H - the ring of Gocumih (left hand) {MR+ EV+2 Str+2 Dex+3}
   (You bought it in a shop on level 6 of the Dungeon)

   [ring of evasion]

   It affects your evasion (+2).
   It affects your strength (+2).
   It affects your dexterity (+3).
   It affects your resistance to hostile enchantments.
Wands
 c - a wand of disintegration (6)
   (You found it on level 6 of the Dungeon)
 t - a wand of flame (19)
   (You found it on level 3 of the Dungeon)
 u - a wand of paralysis (5)
   (You found it on level 4 of the Dungeon)
 J - a wand of enslavement (7)
   (You took it off an orc on level 7 of the Dungeon)
Scrolls
 f - a scroll of magic mapping {unknown}
 g - 2 scrolls of noise {unknown}
 k - 2 scrolls of teleportation {@r4}
 o - 3 scrolls of identify {@r1}
 p - a scroll of remove curse {@r2}
 v - 2 scrolls of immolation {unknown}
 w - 2 scrolls of fog {unknown}
 x - a scroll of vulnerability {unknown}
 C - a scroll of summoning {unknown}
Potions
 b - a potion of mutation {unknown}
 d - 3 potions of might
 h - a potion of heal wounds {unknown}
 j - 6 potions of curing {@q1}
 l - 2 potions of haste {@q3}
 q - 2 potions of magic {unknown}
 r - 2 potions of degeneration {unknown}
 z - 2 potions of agility
 I - a potion of cancellation {unknown}
Comestibles
 e - 4 rations {!d}
 s - 14 chunks of flesh


   Skills:
 + Level 9.8 Fighting
 + Level 10.2 Axes
 - Level 3.2 Armour
 + Level 9.1 Shields


You had 8 spell levels left.
You didn't know any spells.
Your spell library contained the following spells:

 Spells                   Type           Power        Failure   Level  Hunger
 Corona                   Hex            #......      100%        1    ##.....
 Slow                     Hex            #.......     100%        2    ###....
 Inner Flame              Hex/Fire       #.......     100%        3    ####...
 Portal Projectile        Hex/Tloc       #.....       100%        3    ####...
 Cause Fear               Hex            #.........   100%        4    #####..
 Leda's Liquefaction      Hex/Erth       #.........   100%        4    #####..


Dungeon Overview and Level Annotations

Branches:
Dungeon (7/15)             Temple (1/1) D:7

Altars:
Ashenzari
Cheibriados
Dithmenos
Elyvilon
Fedhas
Gozag
Hepliaklqana
Kikubaaqudgha
Makhleb
Nemelex Xobeh
Okawaru
Qazlal
Ru
Sif Muna
Trog
Uskayaw
Vehumet
Wu Jian
Xom
Yredelemnul
Zin
The Shining One

Shops:
D:6 =


Message History

The hog bites you but does no damage. x2; You block the human's attack.
You hit the human but do no damage. You closely miss the hog. You hit the hog.
Lightning courses through the hog! You block the hog's attack. x2
The human hits you with a +0 hand axe! The hog bites you.
* * * LOW HITPOINT WARNING * * *
You block the hog's attack.
Unknown command.
You hit the hog. You slash the human!
Your shield and plate armour prevent you from hitting the hog.
The hog bites you!
* * * LOW HITPOINT WARNING * * *
The hog barely misses you. The human closely misses you.
Your shield and plate armour prevent you from hitting the hog.
You slash the human! You slash the hog! The hog bites you!
* * * LOW HITPOINT WARNING * * *
You block the hog's attack. You block the human's attack.
The hog bites you but does no damage. You block the hog's attack.
You completely miss the hog. You slash the hog!
You kill the hog!
Okawaru accepts your kill.
Your life force feels restored.
You hit the human.
You kill the human!
Okawaru accepts your kill.
Your Axes skill increases to level 10!
Your Shields skill increases to level 9!
The hog barely misses you.
You slash the hog!
Your plate armour prevents you from hitting the yak.
You block the hog's attack. The yak gores you.
* * * LOW HITPOINT WARNING * * *
Your plate armour prevents you from hitting the hog.
You closely miss the yak. The hog bites you but does no damage.
The yak gores you but does no damage. The hog bites you but does no damage.
Your shield and plate armour prevent you from hitting the hog.
You slash the yak! The yak gores you!
* * * LOW HITPOINT WARNING * * *
You block the hog's attack.
You slash the hog!
You kill the hog!
Okawaru is honoured by your kill.
You barely miss the yak. The yak gores you but does no damage.
You block the yak's attack.
You see here a hog corpse.
Your plate armour prevents you from hitting the yak.
You block the yak's attack.
You completely miss the yak. The yak gores you!
* * * LOW HITPOINT WARNING * * *
You slash the yak! Lightning courses through the yak! The yak gores you!
You die...

#####.# #.
###..###### . ..#
##
#######.........#
#. ##
#..#%%###..####.#
## #..#.%# #..#
#.# #..'..# #..#
#.# .#..# #..#
#.# #..###..# #.#
##'#....# #.# .#
..>###Y@.##..#
#.# #
#...........# #.#
.# #####.####..#
#.#
.........####.#
#.#............#
#.#######.######
# #.# #.# #.#


You could see a yak.

Vanquished Creatures
  Pikel (D:6)
  Grinder (D:6)
  A human (D:7)
  3 hogs (D:7)
  Menkaure (D:6)
  An orc warrior (D:7)
  A phantom (D:5)
  3 centaurs
  A big kobold (D:6)
  3 bullfrogs
  A scorpion (D:4)
  3 wights (D:7)
  A howler monkey (D:4)
  2 crimson imps (D:7)
  A centaur zombie (D:6)
  6 orc wizards
  A hound (D:6)
  4 orc priests
  An iguana (D:6)
  2 worker ants
  7 adders
  A shadow imp (D:7)
  An ooze (D:7)
  An adder skeleton (D:4)
  4 dart slugs
  4 leopard geckos
  11 orcs
  2 ball pythons
  4 bats
  3 giant cockroaches
  7 goblins
  12 hobgoblins
  9 jackals
  7 kobolds
  3 quokkas
  6 frilled lizards
  4 rats
124 creatures vanquished.

Notes
Turn   | Place    | Note
-------+----------+-------------------------------------------
     0 | D:1      | Notrik the Hill Orc Fighter began the quest for the Orb.
     0 | D:1      | Reached XP level 1. HP: 19/19 MP: 1/1
    43 | D:1      | Reached skill level 3 in Axes
    53 | D:1      | Reached XP level 2. HP: 24/27 MP: 2/2
   584 | D:1      | Reached XP level 3. HP: 33/33 MP: 3/3
   884 | D:3      | Found a transporter.
  1419 | D:2      | Reached XP level 4. HP: 41/41 MP: 4/4
  1430 | D:2      | Reached skill level 4 in Axes
  1717 | D:3      | Found a transporter.
  2721 | D:4      | Reached XP level 5. HP: 47/47 MP: 5/5
  2853 | D:4      | Reached skill level 5 in Fighting
  3037 | D:4      | Reached skill level 5 in Axes
  3037 | D:4      | Reached XP level 6. HP: 56/56 MP: 6/6
  3114 | D:4      | Reached skill level 5 in Shields
  3820 | D:5      | Entered Level 5 of the Dungeon
  4130 | D:5      | Reached skill level 6 in Axes
  4130 | D:5      | Reached XP level 7. HP: 35/63 MP: 7/7
  4555 | D:5      | Found an opulent altar of Gozag.
  4555 | D:5      | Found a shattered altar of Ashenzari.
  4726 | D:6      | Noticed Menkaure
  4736 | D:6      | Killed Menkaure
  4736 | D:6      | Reached skill level 7 in Axes
  4736 | D:6      | Reached XP level 8. HP: 31/73 MP: 8/8
  5506 | D:6      | Noticed Pikel
  5529 | D:6      | Killed Pikel
  5529 | D:6      | Reached skill level 8 in Axes
  5640 | D:6      | Noticed Grinder
  5656 | D:6      | Paralysed by Grinder for 4 turns
  5669 | D:6      | Killed Grinder
  5669 | D:6      | Reached XP level 9. HP: 31/82 MP: 9/9
  5934 | D:6      | Found Anyssemm's Jewellery Boutique.
  5940 | D:6      | Bought the ring of Gocumih {MR+ EV+2 Str+2 Dex+3} for 397
                  | gold pieces
  6236 | D:7      | Reached skill level 9 in Axes
  6697 | D:7      | Found a staircase to the Ecumenical Temple.
  6708 | Temple   | Entered the Ecumenical Temple
  6869 | Temple   | Became a worshipper of Warmaster Okawaru
  7079 | D:7      | Reached skill level 10 in Axes
  7087 | D:7      | Mangled by a yak

Levels and vault maps discovered:
D:1:      kennysheep_arrival_seaside, layout_basic
D:2:      layout_basic
D:3:      gammafunk_wand_slinger, layout_rooms, serial_co_window_serial,
          co_window_paths_a, co_window_paths_b, co_window_of_opportunity_a,
          co_window_paths_a, co_window_corner_a, co_window_paths_c,
          co_window_broadway_a, co_window_broadway_c, co_window_corner_b,
          co_window_of_opportunity_b, co_window_4corner_a, glass_columns_c,
          glass_columns_b
D:4:      minmay_diamond_boxcup, layout_loops_corners, first_ration
D:5:      layout_rooms, gammafunk_temple_overflow_wave
D:6:      layout_loops_corners, serial_shops, kennysheep_little_box, uniq_pikel,
          uniq_menkaure, uniq_grinder
D:7:      layout_loops_ring, minmay_temple_entry_wispy, grunt_livestock
Temple:   regret_index_temple_chain_breaker

Skill      XL: |  1  2  3  4  5  6  7  8  9 |
---------------+----------------------------+-----
Axes           | 3 4 5 6 7 8 10 | 10.2
Fighting       | 4 5 6 7 8 9 |  9.8
Shields        | 4 5 6 7 9 |  9.1
Armour         | |  3.2

Action                   |  1- 3 |  4- 6 |  7- 9 || total
-------------------------+-------+-------+-------++-------
Melee: War axe           |   132 |   126 |   182 ||   440
       Dagger            |       |       |   119 ||   119
  Use: Scroll            |       |       |     8 ||     8
       Potion            |       |       |     1 ||     1
  Eat: Chunk             |     2 |     6 |     6 ||    14
       Ration            |       |     1 |     1 ||     2
Armor: Scale mail        |    59 |    48 |       ||   107
       Plate armour      |       |    12 |   133 ||   145
Dodge: Dodged            |    37 |    33 |    56 ||   126
       Deflected         |       |       |     2 ||     2
Block: Shield            |    85 |    80 |   164 ||   329

Table legend:
 A = Non-vault XP
 B = Vault XP
 C = Vault XP percentage of total XP
 D = Non-vault monster count
 E = Vault monster count
 F = Vault count percentage of total count
                 A         B        C        D         E       F
            +---------+---------+-------+---------+---------+-------
      Total |    2134 |    2027 |  48.7 |     114 |      10 |   8.1
            +---------+---------+-------+---------+---------+-------
        D:1 |      36 |       0 |   0.0 |      17 |       0 |   0.0
        D:2 |      66 |       0 |   0.0 |      24 |       0 |   0.0
        D:3 |      48 |       0 |   0.0 |      13 |       0 |   0.0
        D:4 |     259 |      98 |  27.5 |       6 |       3 |  33.3
        D:5 |     306 |       0 |   0.0 |      14 |       0 |   0.0
        D:6 |     657 |    1138 |  63.4 |      19 |       3 |  13.6
        D:7 |     762 |     791 |  50.9 |      21 |       4 |  16.0
            +---------+---------+-------+---------+---------+-------
